woodfighter, lawful female dwarven Priestess --------------- ------ ----------------- |.|...........| .....| |.....[..e...H..| |.|.|.-...----| ---*|.-----.---l..-----.| | |...|...|.|...| ....|.......|.....|.....|e| |.-----.---.|.-----.|.-...---.-------.---M| - |...|.|.....|.......|.....|...| |.......@.).| ---.|.-------.-----.......|.-------.------------- |.|.....|.....|.................|...|.........| |.|.---.|....^|.-----.......---.|---|.........| |.|.|...|.|..{..|.....|.......| |.|...-....<....| |.|.|.|.|.|.....|.-.|.|%..-.-----.|.--|..)..[...| |.....|.|.|.....|...|.......|.....|.| |.........| ------|.|.---.-------.|...--|.---.|.| ----------- --|..|.|.............|...| |.......| |*-..|.---.---.---.-.|---- --------- |-|(.|.......|.|.....| |.-..-------.|.|.-.--- --|............|...| ------------------ woodfighter the Adept Experience level: 9 Strength: 18 Dexterity: 15 Constitution: 15 Intelligence: 17 Wisdom: 7 Charisma: 8 Health: 0(65) Energy: 33(33) Def: 4 Gold: 0 Moves: 12251 Dungeon seed: TdthjDeNIpLzMsyX Game ID: woodfighter_1554082838 Your Inventory: Amulets v - an amulet of reflection J - an amulet of ESP (being worn) Weapons a - a +6 dwarvish spear (weapon in hand) g - 3 +0 dwarvish spears (in quiver) R - a blessed +1 mace (alternate weapon; not wielded) Armor n - a +0 small shield (being worn) z - a blessed +2 mummy wrapping (being worn) B - a blessed +0 orcish helm (being worn) Comestibles c - a clove of garlic d - 3 sprigs of wolfsbane u - 4 tripe rations Spellbooks j - a cursed spellbook of wizard lock Rings X - a ring of invisibility (on left hand) Wands l - a wand of digging (0:1) M - a wand of teleportation (0:5) Tools k - an oil lamp (lit) (0:688) s - a blessed bag of holding C - a cursed skeleton key D - a towel E - a magic whistle Gems b - a luckstone e - an aquamarine m - a worthless piece of yellowish brown glass q - 3 worthless pieces of orange glass r - a worthless piece of yellow glass y - 2 rubies K - a jasper N - 4 emeralds S - 2 amethysts Y - 3 diamonds Contents of the bag of holding: a [+0] pick-axe Spells and supernatural/magical abilities: Name Level Category Fail Memory h - healing 1 healing 10% 39% l - light 1 divination 27% 39% p - protection 1 clerical 27% 39% v - clairvoyance 3 divination 96% 45% z - sleep 2 enchantment 41% 43% W - pray for help -- divine ? -- X - turn undead -- divine ? -- Your skills at the end: Miscellaneous Skills shield [Basic] wands [Basic] Weapon Skills pick-axe [Basic] mace [Basic] spear [Basic] Spellcasting Skills clerical spells [Basic] Final Attributes: You were piously aligned. You were poison resistant. Your writing hand was ok. You were telepathic. You had infravision. You were stealthy. You were lucky. You had extra luck. Bad luck did not time out for you. Good luck did not time out for you. You are dead (2nd time!). Vanquished creatures: a vampire a ghost 2 giant mimics a large mimic a quantum mechanic 4 small mimics a xan an ettin mummy a freezing sphere 2 shocking spheres 2 large cats a human mummy 2 wraiths a giant beetle 2 leprechauns an orc mummy a dwarf mummy a dingo a dust vortex a raven a plains centaur 3 human zombies a fire ant a Mordor orc a rock mole a pony a fog cloud 2 violet fungi a kobold mummy 2 red naga hatchlings a black naga hatchling a golden naga hatchling a guardian naga hatchling a gray ooze a barrow wight a ghoul a straw golem 4 giant ants 2 floating eyes 2 kittens 3 homunculi a kobold lord a kobold shaman 2 hill orcs a rothe a rabid rat 3 centipedes a jitterbug a giant bat a monkey 3 orc zombies 9 dwarf zombies a wererat 8 coyotes 2 gas spores 2 hobbits 2 acid blobs 2 large kobolds 6 geckos a hobgoblin a giant rat 2 brown molds 3 yellow molds 6 green molds 3 red molds 14 gnomes 23 manes 4 gnome zombies 11 jackals 2 foxes 5 kobolds 10 newts 7 goblins 11 sewer rats 12 grid bugs a bat 14 lichens 3 kobold zombies 240 creatures vanquished. Voluntary challenges: You did not cause conflict. You did not have reflection until turn 10387. You had been an atheist until turn 4823. You used a wielded weapon 257 times, starting on turn 149. You did not apply a unicorn horn. You did not use plumbed fixtures. You did not drink any magical draughts. You read items or engraved 10 times, starting on turn 660. You never genocided any monsters. You never polymorphed an object. You changed form 1 time, starting on turn 10906. You completed Sokoban on turn 5993, according to the rules. You used no wishes. You never split a pudding. You never wrote Elbereth's name. You never violated your personal moral code. Dungeon overview: The Dungeons of Doom: levels 1 to 6 Level 1 a fountain a long staircase Level 2 a delicatessen, a fountain, a sink Level 3 a potion shop stairs to The Gnomish Mines Level 4 (shop) Level 5 many fountains Level 6 an altar to Manannan Mac Lir stairs to Sokoban The Gnomish Mines: levels 4 to 11 Level 4 stairs to The Dungeons of Doom Level 5 Level 6 Level 7 many shops, a temple to Lugh, a magic chest, some fountains Level 8 Level 9 Level 10 Level 11 <- You were here a magic chest, a fountain Sokoban: levels 2 to 5 Level 2 a magic chest Level 3 Level 4 Level 5 a magic chest stairs to The Dungeons of Doom History has recorded: On T:1 you entered the Dungeons of Doom to retrieve the Amulet of Yendor! On T:338 you reached level 2 of The Dungeons of Doom. On T:625 you reached level 3 of The Dungeons of Doom. On T:939 you advanced to experience level 2. On T:1003 you reached level 4 of The Dungeons of Doom. On T:1333 you reached level 1 of The Gnomish Mines. On T:1398 you advanced to experience level 3. On T:1781 you reached level 5 of The Dungeons of Doom. On T:2041 you advanced to experience level 4. On T:2820 you reached level 6 of The Dungeons of Doom. On T:2824 you reached level 4 of Sokoban. On T:2971 you opened a magic chest. On T:3354 you reached level 3 of Sokoban. On T:3761 you advanced to experience level 5. On T:4183 you reached level 2 of Sokoban. On T:4741 you reached level 1 of Sokoban. On T:4817 you were saved from death by your amulet of life saving! On T:4823 you prayed to Lugh. On T:5993 you advanced to experience level 6. On T:5993 you entered the Sokoban zoo. On T:7043 you reached level 2 of The Gnomish Mines. On T:7649 you reached level 3 of The Gnomish Mines. On T:7953 you advanced to experience level 7. On T:7980 you reached level 4 of The Gnomish Mines. On T:8579 you entered the Minetown temple On T:8748 you reached level 5 of The Gnomish Mines. On T:9558 you reached level 6 of The Gnomish Mines. On T:9892 you reached level 7 of The Gnomish Mines. On T:10139 you advanced to experience level 8. On T:11411 you reached level 8 of The Gnomish Mines. On T:11411 you reached the bottom of the Mines. On T:12192 you advanced to experience level 9. Score breakdown: Gold: 0 ( 0 points) Experience: 9 levels ( 800 points) Exploration: 11 levels ( 300 points) Discoveries: 30 items ( 1500 points) Variety of kills: 78 monsters ( 2000 points) Major goal: Sokoban/Mines ( 1500 points) Survival: died (score multiplied by 3) Total score: 18300 Latest messages: This wraith corpse tastes terrible! You finish eating the wraith corpse. You feel more experienced. Welcome to experience level 9. g - a dwarvish spear (in quiver). (2x) You are beginning to feel hungry. You stop exploring. You see here a cursed leather-bound spellbook. j - a cursed leather-bound spellbook. You jab the dwarf mummy! The dwarf mummy scratches you! (2x) You jab the dwarf mummy! The dwarf mummy scratches you! You destroy the dwarf mummy! There are several objects here. N - 3 green gems. S - a violet gem. Y - a white gem. m - a yellowish brown gem. The gnome zombie scratches you! You destroy the gnome zombie! You stop exploring. (2x) The dwarvish spear hits the giant mummy! The giant mummy scratches you! (4x) You die... Final status: Goodbye woodfighter the Priestess, killed by a giant mummy... You died in The Gnomish Mines on dungeon level 11 with 18300 points, and 0 pieces of gold, after 12251 moves. You were level 9 with a maximum of 65 hit points when you died.